 Dungeon Crawl Stone Soup version 0.31-a0-236-g9a0961fb85 (webtiles) character file.

Game seed: 16840330504163285506

39 qw the Shooter (level 3, 0/22 HPs)
             Began as a Gargoyle Hexslinger on July 10, 2023.
             Slain by a goblin
             ... wielding a +0 club
              (5 damage)
             ... on level 2 of the Dungeon.
             The game lasted 00:00:15 (974 turns).

qw the Shooter (Gargoyle Hexslinger)                 Turns: 974, Time: 00:00:15

Health: 0/22       AC:  8    Str: 17    XL:     3   Next: 45%
Magic:  4/4        EV: 11    Int: 13    God:
Gold:   62         SH:  0    Dex: 14    Spells: 3/4 levels left

rFire   . . .        Y - +1 sling
rCold   . . .        (no shield)
rNeg    + . .        h - +0 ring mail
rPois   inf          (no helmet)
rElec   +            (no cloak)
rCorr   .            (no gloves)
SInv    .            (no boots)
Will    .....        (no amulet)
Stlth   +            j - +6 ring of strength
HPRegen 0.23/turn    (no ring)
MPRegen 0.09/turn

%: no passive effects
@: no status effects
A: sickness immunity, AC +3, negative energy resistance 1, electricity
resistance, torment resistance 1, petrification resistance
a: no special abilities


You were on level 2 of the Dungeon.
You visited 1 branch of the dungeon, and saw 2 of its levels.

You collected 62 gold pieces.


Innate Abilities, Weirdness & Mutations

You are immune to sickness and miasma.
Your stone body is resilient. (AC +3)
You are immune to poison.
You resist negative energy. (rN+)
You are resistant to electric shocks. (rElec)
You are resistant to unholy torment.
You are immune to petrification.


   Skills:
 - Level 2.5 Fighting
 + Level 3.0 Ranged Weapons
 - Level 1.5 Dodging
 - Level 1.0 Spellcasting
 - Level 2.6 Hexes


You had 3 spell levels left.
You knew the following spells:

 Your Spells              Type           Power      Damage    Failure   Level
a - Slow                  Hex            28%        N/A       17%         1

Your spell library contained the following spells:

 Spells                   Type           Power      Damage    Failure   Level
 Inner Flame              Hex/Fire       4%         N/A       65%         3
 Portal Projectile        Hex/Tloc       8%         N/A       65%         3
 Cause Fear               Hex            3%         N/A       86%         4

Inventory:

Hand Weapons
 Y - a +1 sling (weapon)
Armour
 h - a +0 ring mail (worn)
Jewellery
 j - a +6 ring of strength (left hand)
Potions
 f - a potion of curing {unknown}

Dungeon Overview and Level Annotations

Branches:
Dungeon (2/15)

Altars:

Annotations:
D:2 Robin


Message History

The hobgoblin hits you.
A goblin comes into view. It is wielding a +1 dagger of speed.
A goblin comes into view. It is wielding a +2 dagger of draining.
The goblin hits you but does no damage.
The goblin moves out of view.
Your Fighting skill increases to level 2!
You have reached level 3!
Your experience leads to an increase in your attributes!
Your base attributes are Str 11, Int 13, Dex 12.
Increase (S)trength, (I)ntelligence, or (D)exterity?
You feel agile. x2
You shoot a sling bullet.
The sling bullet hits the hobgoblin but does no damage.
The goblin hits you with a +0 club. The hobgoblin hits you.
You shoot a sling bullet. The goblin shouts!
The sling bullet hits the hobgoblin.
The hobgoblin is lightly wounded.
The goblin hits you with a +0 club.
The hobgoblin hits you but does no damage.
You shoot a sling bullet. The sling bullet hits the hobgoblin.
The hobgoblin is almost dead.
A hobgoblin comes into view.
The goblin barely misses you.
The hobgoblin hits you but does no damage.
The hobgoblin closely misses you. The goblin misses you.
A goblin comes into view. It is wielding a +0 dagger.
You shoot a sling bullet.
The sling bullet barely misses the hobgoblin.
The hobgoblin shouts!
The goblin shouts!
The goblin closely misses you. The hobgoblin closely misses you.
A goblin comes into view. It is wielding a +0 club.
You shoot a sling bullet. The goblin shouts!
The sling bullet hits the hobgoblin.
You kill the hobgoblin!
The goblin hits you with a +0 club.
You shoot a sling bullet. The sling bullet hits the goblin.
The goblin is severely wounded.
Robin throws the goblin at you! The goblin hits you with a +0 club.
You die... ............. ........... ...gg.=.. .....g. .ggJg grg

## #g# ..
#@# .#
#g#.#
#<..#
###......
.###.. #


You could see Robin, an endoplasm, 4 hobgoblins, 5 goblins and a rat.

Vanquished Creatures
  Natasha (D:2)
  A bat (D:1)
  An endoplasm (D:1)
  2 giant cockroaches (D:1)
  3 hobgoblins
  A frilled lizard (D:1)
  3 kobolds (D:1)
  2 rats (D:1)
14 creatures vanquished.

Notes
Turn   | Place    | Note
-------+----------+-------------------------------------------
     0 | D:1      | qw the Gargoyle Hexslinger began the quest for the Orb.
     0 | D:1      | Reached XP level 1. HP: 12/12 MP: 2/2
     0 | D:1      | 0 ||| qw: Version: 0.3-a-52-g30416fa
     0 | D:1      | 0 ||| qw: Game counter: 4758
     0 | D:1      | 0 ||| qw: Melee chars always use a shield: true
     0 | D:1      | 0 ||| qw: God list: Okawaru
     0 | D:1      | 0 ||| qw: Allow faded altars: false
     0 | D:1      | 0 ||| qw: Do Orc after clearing Dungeon:15 true
     0 | D:1      | 0 ||| qw: Do second Lair branch before Depths: true
     0 | D:1      | 0 ||| qw: Lair rune preference: random
     0 | D:1      | 0 ||| qw: Goals: Normal
     0 | D:1      | 0 ||| PLANNING D:1-11
   169 | D:1      | HP: 2/12 [hobgoblin (4)]
   468 | D:1      | Reached XP level 2. HP: 16/16 MP: 3/3
   585 | D:1      | Reached skill level 3 in Ranged Weapons
   885 | D:1      | 885 ||| UPGRADING to +0 ring mail.
   895 | D:1      | 895 ||| DROPPING +0 robe.
   896 | D:1      | 896 ||| UPGRADING to +6 ring of strength.
   897 | D:1      | 897 ||| READING scroll labelled KEYMPECODU.
   898 | D:1      | 898 ||| READING scroll labelled MIL MU XAI.
   899 | D:1      | 899 ||| READING scroll labelled LIQIOQEORR.
   900 | D:1      | 900 ||| READING scroll labelled SUYSYSHANWE.
   904 | D:1      | 904 ||| DROPPING scroll of poison.
   962 | D:2      | Noticed Natasha
   965 | D:2      | Noticed Robin
   968 | D:2      | Killed Natasha
   969 | D:2      | Reached XP level 3. HP: 11/22 MP: 4/4
   970 | D:2      | HP: 4/22 [goblin/+0 club (3)]
   974 | D:2      | Slain by a goblin

Levels and vault maps discovered:
D:1:      giann_forest_graveyard, layout_loops_corners
D:2:      layout_rooms, uniq_natasha, uniq_robin, uniq_jessica

Skill      XL: |  1  2 |
---------------+-------+-----
Ranged Weapons | 3 |  3.0
Fighting       | 2 |  2.5
Dodging        | |  1.5
Spellcasting   | |  1.0
Hexes          | |  2.6

Action                     || total
---------------------------++-------
   Fire: Sling             ||    54
    Use: Scroll            ||     4
 Armour: Robe              ||     5
         Ring mail         ||     5
  Dodge: Dodged            ||    22

Table legend:
 A = Non-vault XP
 B = Vault XP
 C = Vault XP percentage of total XP
 D = Non-vault monster count
 E = Vault monster count
 F = Vault count percentage of total count
                 A         B        C        D         E       F
            +---------+---------+-------+---------+---------+-------
      Total |      21 |      35 |  62.5 |      13 |       1 |   7.1
            +---------+---------+-------+---------+---------+-------
        D:1 |      19 |       0 |   0.0 |      12 |       0 |   0.0
        D:2 |       2 |      35 |  94.6 |       1 |       1 |  50.0
            +---------+---------+-------+---------+---------+-------
